[ AOE2 MATCH · #505630107 ]
UnrankedPersians vs Saracens
Player's team · WIN
Rival team · LOSS
[ REPLAY ANALYSIS · EXTRACTED FROM THE RECORDED GAME ]
Feudal
9:49
Castle
18:31
Imperial
—
| APM avg | 50.2 |
| APM peak | 86 |
| eAPM avg | 31.6 |
| Villagers / military | 44 / 21 |
Focus
⚔️ 39.8% · 🌾 60.2%
Unknown (2626) ×37 · Fishing Ship ×14 · Scout Cavalry ×12 · Fire Galley ×7 · Militia ×1 · Transport Ship ×1
Feudal
8:15
Castle
15:09
Imperial
—
| APM avg | 49.3 |
| APM peak | 69 |
| eAPM avg | 28.1 |
| Villagers / military | 55 / 12 |
Focus
⚔️ 31.7% · 🌾 68.3%
Unknown (2626) ×17 · Demolition Raft ×6 · Fire Galley ×5 · Fishing Ship ×5 · Scout Cavalry ×1
Match map
Initial resources + every placement click. Lines = walls · curves = elevation contours. ◆ gold · ⬟ stone · ● berries · ✦ relic · ◌ wall gap
Your base· Open — unwalled flank
Dennis哥's base· Open — unwalled flank
Smoothed initial terrain · ◌ = detected wall gap · hover for details
Inputs per minute
— RoR | Benanji - - Dennis哥
Build order — RoR | Benanji
First 150 of 197 actions detected
| 0:20 | Build | Dock |
| 0:26 | Build | Town Center |
| 1:13 | Build | House |
| 1:14 | Build | House |
| 1:41 | Create | Villager (Male) ×5 |
| 1:42 | Create | Villager (Male) |
| 2:11 | Build | House |
| 2:14 | Build | House |
| 2:21 | Create | Villager (Male) |
| 2:43 | Create | Fishing Ship |
| 2:43 | Create | Fishing Ship |
| 2:51 | Create | Villager (Male) |
| 2:52 | Create | Villager (Male) |
| 3:01 | Research | Loom |
| 3:27 | Create | Villager (Male) |
| 3:27 | Create | Fishing Ship |
| 3:35 | Build | Palisade Wall |
| 3:37 | Build | Palisade Wall |
| 3:46 | Build | Palisade Wall |
| 3:52 | Build | Palisade Wall |
| 3:53 | Build | Palisade Wall |
| 3:56 | Create | Villager (Male) |
| 4:00 | Create | Fishing Ship |
| 4:25 | Create | Villager (Male) |
| 4:30 | Create | Villager (Male) |
| 4:45 | Create | Villager (Male) |
| 4:47 | Build | Dock |
| 4:52 | Build | House |
| 5:08 | Create | Villager (Male) |
| 5:10 | Create | Fishing Ship |
| 5:10 | Create | Fishing Ship |
| 5:14 | Build | House |
| 5:24 | Create | Villager (Male) |
| 5:48 | Create | Fishing Ship |
| 6:01 | Create | Villager (Male) |
| 6:10 | Create | Fishing Ship |
| 6:10 | Create | Fishing Ship |
| 6:14 | Build | House |
| 6:17 | Build | House |
| 6:18 | Create | Villager (Male) |
| 6:27 | Build | Palisade Wall |
| 6:30 | Build | Palisade Wall |
| 6:31 | Build | Palisade Wall |
| 6:32 | Build | Palisade Wall |
| 6:34 | Build | Palisade Wall |
| 6:35 | Build | Palisade Wall |
| 6:37 | Build | Palisade Wall |
| 6:41 | Create | Villager (Male) |
| 6:42 | Create | Fishing Ship |
| 6:42 | Create | Fishing Ship |
| 7:13 | Create | Villager (Male) |
| 7:17 | Build | Lumber Camp |
| 7:32 | Create | Villager (Male) |
| 7:42 | Build | Mining Camp |
| 7:46 | Research | Feudal Age |
| 7:46 | Research | Feudal Age |
| 7:49 | Create | Fishing Ship |
| 8:14 | Create | Villager (Male) |
| 8:29 | Build | Dock |
| 8:37 | Build | Dock |
| 8:46 | Build | Dock |
| 9:49 | Age | Feudal Age |
| 9:51 | Create | Unit 2626 |
| 9:52 | Create | Unit 2626 |
| 9:53 | Research | Double-Bit Axe |
| 9:54 | Research | Tech 906 |
| 9:54 | Research | Tech 906 |
| 9:55 | Create | Unit 2626 |
| 9:57 | Create | Villager (Male) |
| 10:07 | Create | Unit 2626 |
| 10:12 | Create | Unit 2626 |
| 10:12 | Create | Unit 2626 |
| 10:13 | Create | Unit 2626 |
| 10:18 | Create | Villager (Male) |
| 10:30 | Build | Palisade Wall |
| 10:32 | Build | Palisade Wall |
| 10:35 | Create | Unit 2626 |
| 10:35 | Create | Unit 2626 |
| 10:39 | Build | House |
| 10:51 | Create | Villager (Male) |
| 10:51 | Create | Villager (Male) |
| 10:51 | Create | Villager (Male) |
| 10:56 | Create | Unit 2626 |
| 10:57 | Create | Unit 2626 |
| 10:57 | Create | Unit 2626 |
| 11:00 | Create | Villager (Male) |
| 11:12 | Build | House |
| 11:14 | Build | House |
| 11:20 | Create | Unit 2626 |
| 11:20 | Create | Unit 2626 |
| 11:21 | Create | Unit 2626 |
| 11:46 | Create | Fire Galley |
| 11:46 | Create | Fire Galley |
| 11:46 | Create | Fire Galley |
| 11:56 | Create | Villager (Male) |
| 11:56 | Create | Villager (Male) |
| 12:03 | Create | Fire Galley |
| 12:11 | Create | Villager (Male) |
| 12:13 | Build | Barracks |
| 12:26 | Create | Fire Galley |
| 12:27 | Create | Fire Galley |
| 12:45 | Build | Mining Camp |
| 12:46 | Create | Villager (Male) |
| 13:10 | Create | Unit 2626 |
| 13:10 | Create | Unit 2626 |
| 13:37 | Create | Unit 2626 |
| 13:39 | Create | Villager (Male) |
| 13:45 | Build | Lumber Camp |
| 13:58 | Create | Villager (Male) |
| 14:09 | Create | Fishing Ship |
| 14:10 | Create | Fishing Ship |
| 14:25 | Create | Villager (Male) |
| 14:36 | Build | Stable |
| 14:44 | Create | Militia |
| 14:45 | Build | House |
| 15:00 | Create | Transport Ship |
| 15:21 | Build | Stable |
| 15:31 | Create | Villager (Male) |
| 15:33 | Create | Scout Cavalry |
| 15:34 | Create | Scout Cavalry |
| 15:39 | Build | Blacksmith |
| 15:59 | Create | Unit 2626 |
| 15:59 | Create | Unit 2626 |
| 16:04 | Create | Unit 2626 |
| 16:05 | Research | Castle Age |
| 16:06 | Research | Castle Age |
| 16:20 | Build | Palisade Wall |
| 16:23 | Build | Outpost |
| 16:24 | Build | Outpost |
| 16:26 | Research | Bloodlines |
| 16:26 | Research | Bloodlines |
| 16:29 | Create | Scout Cavalry |
| 16:29 | Create | Scout Cavalry |
| 16:47 | Create | Unit 2626 |
| 16:47 | Create | Fire Galley |
| 17:01 | Create | Villager (Male) |
| 17:12 | Create | Villager (Male) |
| 17:12 | Create | Villager (Male) |
| 17:16 | Create | Scout Cavalry |
| 17:17 | Create | Scout Cavalry |
| 17:21 | Create | Unit 2626 |
| 17:21 | Create | Unit 2626 |
| 17:21 | Create | Unit 2626 |
| 17:33 | Build | House |
| 17:33 | Build | House |
| 17:49 | Build | House |
| 17:50 | Build | House |
| 17:50 | Build | House |
| 17:55 | Build | Lumber Camp |
| 17:57 | Build | Lumber Camp |
Build order — Dennis哥
147 actions detected in the replay
| 0:10 | Build | Dock |
| 0:15 | Build | Town Center |
| 0:45 | Build | House |
| 0:47 | Build | House |
| 1:14 | Create | Villager (Male) ×4 |
| 1:30 | Research | Loom |
| 1:46 | Create | Villager (Male) ×4 |
| 1:49 | Build | House |
| 1:53 | Create | Villager (Male) |
| 2:25 | Create | Fishing Ship |
| 2:32 | Create | Villager (Male) |
| 2:44 | Build | House |
| 2:51 | Create | Villager (Male) |
| 2:53 | Create | Villager (Male) |
| 2:53 | Create | Villager (Male) |
| 3:06 | Create | Fishing Ship |
| 3:14 | Create | Villager (Male) |
| 3:30 | Create | Villager (Male) |
| 3:39 | Build | House |
| 3:42 | Build | Palisade Wall |
| 4:03 | Create | Fishing Ship |
| 4:05 | Create | Villager (Male) |
| 4:06 | Build | House |
| 4:44 | Create | Villager (Male) |
| 4:58 | Create | Fishing Ship |
| 5:19 | Build | House |
| 5:23 | Build | Lumber Camp |
| 5:36 | Create | Villager (Male) |
| 5:53 | Research | Feudal Age |
| 6:29 | Create | Fishing Ship |
| 6:41 | Build | Mining Camp |
| 7:03 | Create | Villager (Male) |
| 7:16 | Build | Dock |
| 7:36 | Build | Barracks |
| 8:15 | Age | Feudal Age |
| 8:16 | Create | Fire Galley |
| 8:16 | Create | Fire Galley |
| 8:21 | Build | Mill |
| 8:24 | Research | Double-Bit Axe |
| 8:24 | Research | Double-Bit Axe |
| 8:30 | Create | Villager (Male) |
| 9:00 | Create | Fire Galley |
| 9:00 | Create | Fire Galley |
| 9:01 | Create | Villager (Male) |
| 9:06 | Build | House |
| 9:09 | Build | House |
| 9:10 | Build | House |
| 9:25 | Create | Villager (Male) |
| 9:47 | Create | Villager (Male) |
| 9:53 | Build | Stable |
| 9:56 | Create | Fire Galley |
| 9:58 | Create | Unit 2626 |
| 9:58 | Create | Unit 2626 |
| 10:00 | Create | Villager (Male) |
| 10:32 | Create | Villager (Male) |
| 10:58 | Create | Villager (Male) |
| 10:59 | Create | Scout Cavalry |
| 11:00 | Create | Unit 2626 |
| 11:01 | Create | Unit 2626 |
| 11:06 | Create | Villager (Male) |
| 11:09 | Build | Market |
| 11:51 | Create | Unit 2626 |
| 11:52 | Create | Unit 2626 |
| 11:53 | Create | Villager (Male) |
| 12:29 | Research | Castle Age |
| 12:30 | Research | Castle Age |
| 12:38 | Build | Dock |
| 12:49 | Create | Demolition Raft |
| 13:11 | Create | Demolition Raft |
| 13:15 | Create | Villager (Male) |
| 13:33 | Research | Gold Mining |
| 14:04 | Create | Villager (Male) |
| 14:15 | Create | Unit 2626 |
| 14:16 | Create | Unit 2626 |
| 14:17 | Create | Unit 2626 |
| 15:04 | Create | Villager (Male) |
| 15:09 | Age | Castle Age |
| 15:19 | Build | Town Center |
| 15:20 | Research | War Galley (upgrade) |
| 15:21 | Research | War Galley (upgrade) |
| 15:25 | Create | Villager (Male) |
| 15:35 | Build | Dock |
| 15:54 | Create | Unit 2626 |
| 15:54 | Create | Unit 2626 |
| 15:55 | Create | Villager (Male) |
| 16:06 | Create | Villager (Male) |
| 16:24 | Build | House |
| 16:28 | Create | Unit 2626 |
| 16:28 | Create | Demolition Raft |
| 16:31 | Research | Tech 905 |
| 16:31 | Research | Tech 905 |
| 16:40 | Create | Villager (Male) |
| 16:44 | Research | Bow Saw |
| 16:44 | Research | Bow Saw |
| 17:03 | Create | Unit 2626 |
| 17:04 | Create | Villager (Male) |
| 17:06 | Create | Villager (Male) |
| 17:15 | Build | Farm |
| 17:22 | Build | Farm |
| 17:24 | Create | Villager (Male) |
| 17:35 | Create | Unit 2626 |
| 17:40 | Create | Villager (Male) |
| 17:45 | Create | Unit 2626 |
| 18:13 | Create | Unit 2626 |
| 18:13 | Create | Unit 2626 |
| 18:19 | Build | Mining Camp |
| 18:23 | Build | Farm |
| 18:24 | Build | Farm |
| 18:36 | Create | Villager (Male) |
| 18:40 | Build | Farm |
| 18:41 | Build | Farm |
| 18:43 | Build | Farm |
| 18:45 | Create | Villager (Male) ×2 |
| 19:25 | Create | Demolition Raft |
| 19:27 | Create | Villager (Male) |
| 19:29 | Build | Farm |
| 19:29 | Build | Farm |
| 19:30 | Build | Farm |
| 19:32 | Build | Farm |
| 19:43 | Create | Villager (Male) |
| 19:58 | Create | Demolition Raft |
| 19:59 | Create | Villager (Male) |
| 20:02 | Build | House |
| 20:02 | Build | House |
| 20:03 | Build | House |
| 20:05 | Build | Farm |
| 20:06 | Build | Farm |
| 20:13 | Create | Villager (Male) |
| 20:17 | Build | Farm |
| 20:18 | Build | Farm |
| 20:20 | Build | Farm |
| 20:26 | Create | Villager (Male) |
| 20:36 | Create | Villager (Male) |
| 20:42 | Build | Farm |
| 20:46 | Build | Mining Camp |
| 21:04 | Create | Villager (Male) |
| 21:09 | Create | Demolition Raft |
| 21:12 | Create | Villager (Male) |
| 21:15 | Create | Villager (Male) ×2 |
| 21:30 | Create | Villager (Male) |
| 21:32 | Build | House |
| 21:32 | Build | House |
| 21:33 | Create | Villager (Male) |
| 21:36 | Build | Monastery |
| 21:36 | Create | Villager (Male) |
| 21:50 | Build | Farm |
| 21:52 | Build | Farm |
Match timeline
| 0:10 | Dennis哥 · first_building Dock |
| 0:20 | RoR | Benanji · first_building Dock |
| 3:35 | RoR | Benanji · wall_segment Palisade Wall x1 |
| 3:37 | RoR | Benanji · wall_segment Palisade Wall x1 |
| 3:42 | Dennis哥 · wall_segment Palisade Wall x1 |
| 3:46 | RoR | Benanji · wall_segment Palisade Wall x1 |
| 3:52 | RoR | Benanji · wall_segment Palisade Wall x1 |
| 3:53 | RoR | Benanji · wall_segment Palisade Wall x1 |
| 6:27 | RoR | Benanji · wall_segment Palisade Wall x1 |
| 6:30 | RoR | Benanji · wall_segment Palisade Wall x4 |
| 6:31 | RoR | Benanji · wall_segment Palisade Wall x2 |
| 6:32 | RoR | Benanji · wall_segment Palisade Wall x3 |
| 6:34 | RoR | Benanji · wall_segment Palisade Wall x3 |
| 6:35 | RoR | Benanji · wall_segment Palisade Wall x2 |
| 6:37 | RoR | Benanji · wall_segment Palisade Wall x4 |
| 7:36 | Dennis哥 · first_building Barracks |
| 8:15 | Dennis哥 · age_up feudal |
| 9:49 | RoR | Benanji · age_up feudal |
| 9:53 | Dennis哥 · first_building Stable |
| 10:30 | RoR | Benanji · wall_segment Palisade Wall x1 |
| 10:32 | RoR | Benanji · wall_segment Palisade Wall x1 |
| 12:13 | RoR | Benanji · first_building Barracks |
| 12:20 | Dennis哥 · first_market_buy 100 food |
| 12:20 | Dennis哥 · first_market_sell 100 stone |
| 14:36 | RoR | Benanji · first_building Stable |
| 15:09 | Dennis哥 · age_up castle |
| 16:20 | RoR | Benanji · wall_segment Palisade Wall x1 |
| 18:31 | RoR | Benanji · age_up castle |
| 20:57 | RoR | Benanji · wall_segment Palisade Wall x1 |
| 20:58 | RoR | Benanji · wall_segment Palisade Wall x1 |
| 21:01 | RoR | Benanji · wall_segment Palisade Wall x1 |
| 21:02 | RoR | Benanji · wall_segment Palisade Wall x1 |
| 21:36 | Dennis哥 · first_building Monastery |
| 21:59 | Dennis哥 · resign |
[ AI ANALYSIS · 1 CREDIT ]
What really happened in this match?
Wolo.gg analyzes every decision: build order, eco, micro, common mistakes by bracket. Personalized analysis on WhatsApp or Discord in 30 seconds.
Civ guide
Persians
Perfil
Jugador #2463959